[Event "Betsys MČR v online bleskovém šachu 2021"]
[Site "Chess.com"]
[Date "2021.04.17"]
[Round "13"]
[White "jhdghaka"]
[Black "AJedlicka"]
[Result "0-1"]
[WhiteElo "1905"]
[BlackElo "2204"]
[TimeControl "180+1"]
[EndTime "11:12:19 PDT"]
[Termination "Uživatel AJedlicka zvítězil po vzdání soupeře"]

1. e4 c5 2. Nf3 d6 3. Bb5+ Bd7 4. Bxd7+ Qxd7 5. O-O Nc6 6. Re1 Nf6 7. c3 e6 8. d4 cxd4 9. cxd4 d5 10. e5 Ne4 11.
Nc3 Nxc3 12. bxc3 Be7 13. h4 h6 14. Nh2 Rc8 15. Qg4 g6 16. h5 g5 17. f4 Rg8 18.
fxg5 Bxg5 19. Bxg5 Rxg5 20. Qh3 Qe7 21. Nf3 Rg7 22.
Nd2 Kd7 23. Nb3 b6 24. a4 Rcg8 25. Re2 Rg3 26. Qh2 R8g4 27. a5 Qg5 28. axb6 axb6 29. Kf1 Rh4 30. Qg1 Qxh5 31. Kf2 Rxc3 32. Qd1 Qf5+ 33. Kg1 Qh5 34. Kf2 Rf4+ 35. Kg1 Re4 36. Qe1 Qxe2 37. Qxc3 Qe3+ 38. Qxe3 Rxe3 39. Rb1 Rd3 40.
Kf2 Nxd4 41. Nxd4 Rxd4 42. Rxb6 Rf4+ 43. Kg3 Rf5 44. Rb7+ Ke8 45. Rb8+ Ke7 46. Rh8 h5 47. Ra8 Rxe5 48. Kf4 Rf5+ 49. Ke3 e5 50. Ra5 Ke6 51. Ra6+ Ke7 52. Ra5 e4 53. Ra7+ Kf6 54. Ra6+ Kg5 55.
Kd4 h4 56. Ra3 Kf4 57. Rh3 Kg4 58. Ra3 Rf2 59. Kxd5 f5 60. Ke5 Rxg2 61. Ra8 h3 62. Rg8+ Kf3 63. Rh8 h2 64. Kxf5 e3 65. Rh3+ Kf2 66. Ke4 e2 67. Rf3+ Kg1 68. Re3 h1=Q 69. Kd3 Qh7+ 70. Kd2 Qd7+ 0-1

[Event "Betsys MČR v online bleskovém šachu 2021"]
[Site "Chess.com"]
[Date "2021.04.17"]
[Round "13"]
[White "Krejcak"]
[Black "ReitteN"]
[Result "1-0"]
[WhiteElo "1996"]
[BlackElo "1769"]
[TimeControl "180+1"]
[EndTime "11:12:19 PDT"]
[Termination "Uživatel Krejcak zvítězil na čas"]

1. e4 c6 2. d4 d5 3. Nc3 dxe4 4. Nxe4 Bf5 5. Ng3 Bg6 6. Nf3 Nd7 7. h4 h6 8. Bf4 Ngf6 9. Bd3 Bxd3 10. Qxd3 e6 11.
O-O-O Be7 12. Ne5 Rc8 13. Kb1 Nd5 14. Bc1 Nxe5 15. dxe5 Qb6 16. Ne4 O-O 17. g4 Nb4 18. Qb3 Rfd8 19. g5 h5 20. Be3 Qb5 21. c4 Qxe5 22. Ng3 g6 23. a3 Na6 24. Bxa7 Nc5 25. Qf3 Na4 26. Qb3 Nc5 27. Qf3 Ra8 28.
Bb6 Rd4 29. Rxd4 Qxd4 30. Rc1 Qd3+ 31. Qxd3 Nxd3 32. Rd1 Nxf2 33. Rd7 Bf8 34. Rxb7 Ng4 35. Ne4 Ne5 36. Nf6+ Kg7 37. Bd4 Bd6 38. Rb6 Rd8 39. c5 Bc7 40. Bxe5 Bxe5 41. Rxc6 Bxf6 42. gxf6+ Kxf6 43. Rc7 e5 44. c6 Ke6 45. Ra7 Rc8 46. c7 Kd7 47. Ra5 f6 48. Ra6 Ke7 49. Rc6 f5 50.
b4 Kf7 51. b5 f4 52. b6 f3 53. b7 f2 54. bxc8=Q f1=Q+ 55. Rc1 Qd3+ 56. Rc2 Qb3+ 57. Rb2 Qd3+ 58. Ka2 Qc4+ 59. Ka1 Qf1+ 60. Rb1 Qc4 61. Qd7+ Kf6 62. c8=Q 1-0

[Event "Betsys MČR v online bleskovém šachu 2021"]
[Site "Chess.com"]
[Date "2021.04.17"]
[Round "13"]
[White "Joanna23W"]
[Black "PetrVelicka"]
[Result "1/2-1/2"]
[WhiteElo "2652"]
[BlackElo "2382"]
[TimeControl "180+1"]
[EndTime "11:12:20 PDT"]
[Termination "Remíza – nedostatek materiálu"]

1. e4 c6 2. d4 d5 3. e5 Bf5 4. h4 Qb6 5. Nf3 e6 6. Bd3 Bxd3 7. Qxd3 Qa6 8. Qe3 Nd7 9. Nc3 c5 10. Bd2 Ne7 11. dxc5 Nc6 12. Qf4 Bxc5 13. h5 h6 14.
Qg3 O-O-O 15. a3 Rhg8 16. Rh4 g5 17. hxg6 Rxg6 18. Qh2 Rdg8 19. g4 Rxg4 20. Rxg4 Rxg4 21. O-O-O Bf8 22. Qh5 Rg6 23. Be3 Qc4 24. Nh4 Qg4 25. Qxg4 Rxg4 26. Nf3 a6 27. Rh1 Rg6 28. Nh4 Rg4 29. Nf3 Ndxe5 30. Nxe5 Nxe5 31. Bxh6 Bxh6+ 32. Rxh6 Rf4 33. Nd1 Ng4 34. Rh8+ Kd7 35. Rb8 Kc7 36. Rf8 Nxf2 37. Ne3 Ne4 38. b3 Rf3 39. Ng4 Kd6 40. Nh6 Ke7 41. Rb8 Nd6 42. Ng4 Rf4 43. Ne5 Rf5 44.
Nd3 Rf3 45. Nc5 Rc3 46. Nxb7 Nxb7 47. Rxb7+ Kf6 48. Kd2 Rc6 49. a4 e5 50. b4 Ke6 51.
b5 axb5 52. axb5 Rc5 53. b6 Rb5 54. Rb8 d4 55. Kd3 Kf5 56. Rf8 Rxb6 57. Rxf7+ Rf6 58. Re7 Rd6 59. Rf7+ Ke6 60. Rf8 Kd5 61. Rf5 Rh6 62. Rf8 Rh3+ 63. Kd2 e4 64. Rd8+ Ke5 65. Re8+ Kf4 66. Rf8+ Kg3 67. Rg8+ Kf3 68. Rf8+ Kg2 69. Rd8 d3 70. cxd3 Rxd3+ 71. Rxd3 exd3 72.
Kxd3 1/2-1/2

[Event "Betsys MČR v online bleskovém šachu 2021"]
[Site "Chess.com"]
[Date "2021.04.17"]
[Round "13"]
[White "Varinius"]
[Black "jarda1955"]
[Result "1-0"]
[WhiteElo "2399"]
[BlackElo "2016"]
[TimeControl "180+1"]
[EndTime "11:12:23 PDT"]
[Termination "Uživatel Varinius zvítězil na čas"]

1. f3 d5 2. Kf2 e5 3. Kg3 Bd6 4. Kf2 e4 5. g3 exf3 6. exf3 Nf6 7. Kg2 O-O 8. d4 Be6 9. Bd3 Qd7 10. Nc3 a6 11.
Nce2 c5 12. c3 Nc6 13. Be3 Rfe8 14. Nf4 cxd4 15. cxd4 Bf5 16. Bf2 Bxf4 17. gxf4 Nh5 18. Ne2 Bh3+ 19. Kg1 Qd6 20. Bg3 Qf6 21. Kf2 g6 22.
Re1 Nxd4 23. Bc2 Nxe2 24. Rxe2 Qb6+ 25. Ke1 Qxb2 26. Rb1 Qc3+ 27. Kf2 Qc5+ 28. Ke1 b5 29. Rb3 d4 30. Rd3 Rxe2+ 31. Qxe2 Rc8 32. Bb3 Qc1+ 33. Rd1 Qc3+ 34. Kf2 Bd7 35. Qe7 Qe3+ 36. Qxe3 dxe3+ 37. Kxe3 Re8+ 38. Kf2 Be6 39. Rd6 Bxb3 40. axb3 a5 41. Rd5 a4 42. Rxb5 axb3 43. Rxb3 Rc8 44. Rb7 Rc2+ 45.
Ke3 Rc4 46. Ra7 Rb4 47. Ra5 Rb3+ 48. Kf2 Rb2+ 49. Kg1 Rb3 50. Kg2 Rb2+ 51. Kh3 Rb3 52. Kg4 f5+ 53. Kg5 Rxf3 54. Ra8+ Kg7 55. Ra7+ Kg8 56.
Kh6 Kf8 57. Rxh7 1-0

[Event "Betsys MČR v online bleskovém šachu 2021"]
[Site "Chess.com"]
[Date "2021.04.17"]
[Round "13"]
[White "Johanna94"]
[Black "matyson523"]
[Result "1-0"]
[WhiteElo "2081"]
[BlackElo "1855"]
[TimeControl "180+1"]
[EndTime "11:12:24 PDT"]
[Termination "Uživatel Johanna94 zvítězil matem"]

1. d4 d5 2. c4 e6 3. Nf3 c5 4. e3 Nc6 5. Nc3 Nf6 6. cxd5 exd5 7.
Be2 cxd4 8. exd4 Bd6 9. Bg5 O-O 10. O-O Be6 11. Rc1 a6 12. Bh4 h6 13. Re1 Rc8 14.
Bd3 Re8 15. Bb1 Bb8 16. a3 g5 17. Bg3 Bxg3 18. hxg3 Bg4 19. Qd3 Kg7 20. Ne5 Ne4 21. Nxe4 dxe4 22. Qxe4 f5 23. Nxc6 fxe4 24. Nxd8 Rxc1 25.
Rxc1 Rxd8 26. Rc7+ Kf6 27. Bxe4 Rxd4 28. Bf3 Bxf3 29.
gxf3 Rd1+ 30. Kg2 b5 31. Rc6+ Kg7 32. Rxa6 Rb1 33. Rb6 Rxb2 34. a4 b4 35. a5 Ra2 36.
a6 b3 37. Rb7+ Kg6 38. a7 b2 39. g4 Rxa7 40. Rxb2 Rf7 41. Rb6+ Rf6 42. Rxf6+ Kxf6 43. Kh3 Ke6 44. Kh2 Kd5 45. Kh3 Kd4 46. Kg2 Kd5 47. Kf1 Ke5 48. Ke1 Kd5 49. Ke2 Kd4 50. Kd2 Kc4 51. Ke3 Kd5 52. f4 Ke6 53. fxg5 hxg5 54.
Ke4 Kf6 55. Kd5 Kg6 56. Ke6 Kg7 57. Kf5 Kh6 58. Kf6 Kh7 59. Kxg5 Kg7 60. f4 Kf7 61. f5 Kg7 62. Kf4 Kf7 63. g5 Kg7 64. Ke5 Kf7 65. f6 Kg6 66. Ke6 Kxg5 67. f7 Kg6 68. f8=Q Kh7 69.
Qf1 Kg6 70. Qg1+ Kh5 71. Kf5 Kh6 72. Qg6# 1-0

[Event "Betsys MČR v online bleskovém šachu 2021"]
[Site "Chess.com"]
[Date "2021.04.17"]
[Round "13"]
[White "Patriktesko"]
[Black "Koli05"]
[Result "1-0"]
[WhiteElo "2023"]
[BlackElo "1809"]
[TimeControl "180+1"]
[EndTime "11:12:24 PDT"]
[Termination "Uživatel Patriktesko zvítězil matem"]

1. d4 d5 2. Nf3 e6 3. Bg5 Be7 4. Bf4 Nf6 5. c3 c5 6. e3 Nc6 7. Be2 Nh5 8. Bg3 Nxg3 9. hxg3 b6 10.
Nbd2 Bb7 11. O-O O-O 12. a3 Rc8 13. Ne5 Bd6 14. Nxc6 Bxc6 15. Nf3 Qf6 16. a4 a5 17. b3 Rfd8 18. Rc1 e5 19. dxe5 Bxe5 20. Nxe5 Qxe5 21. Bf3 Rd6 22. Qd2 Rcd8 23. Rfd1 g5 24. Qc2 f5 25. c4 g4 26. Bxd5+ Bxd5 27. cxd5 Rxd5 28. Rxd5 Qxd5 29. Qc3 Qd2 30. Qxd2 Rxd2 31. Kf1 Rd3 32. Rb1 Rd2 33. Ke1 Rc2 34. Rd1 Rb2 35. Rd3 Kf7 36. Rd5 Ke6 37. Rd3 Ke5 38. Rc3 Ke4 39. Kf1 Kd5 40. Ke1 Kc6 41. Kf1 Rb1+ 42. Ke2 Rb2+ 43. Ke1 b5 44. axb5+ Kxb5 45. Rd3 Kb4 46. Rd7 Kxb3 47. Rxh7 a4 48. Rc7 c4 49. Rb7+ Kc3 50. Ra7 Ra2 51. f3 gxf3 52. gxf3 a3 53. g4 fxg4 54. fxg4 Kd3 55. g5 c3 56. g6 c2 57. Rd7+ Kxe3 58. Re7+ Kf4 59. Kd2 Rb2 60. g7 Rb8 61. Rf7+ Kg5 62. Rf8 Rb1 63. g8=Q+ Kh5 64. Qh7+ Kg4 65. Qg7+ Kh5 66.
Rh8# 1-0

[Event "Betsys MČR v online bleskovém šachu 2021"]
[Site "Chess.com"]
[Date "2021.04.17"]
[Round "13"]
[White "DenisaD2008"]
[Black "Sfreedom01"]
[Result "0-1"]
[WhiteElo "952"]
[BlackElo "1336"]
[TimeControl "180+1"]
[EndTime "11:12:26 PDT"]
[Termination "Uživatel Sfreedom01 zvítězil matem"]

1. e4 g6 2. Nc3 Bg7 3. Nf3 e6 4. d4 Ne7 5. Be3 c6 6. Bd3 d5 7. exd5 cxd5 8. O-O Nbc6 9. h3 O-O 10. Qd2 Bd7 11. Bh6 a6 12. Bxg7 Kxg7 13. Rfe1 b5 14. b4 Re8 15. a4 bxa4 16. Rxa4 Nxd4 17. Nxd4 Bxa4 18. Nxa4 Nf5 19. Nxf5+ exf5 20. Rxe8 Qxe8 21. Nc5 Rc8 22. g4 fxg4 23. hxg4 a5 24. Ba6 Ra8 25. bxa5 Qc6 26. Qc3+ Kg8 27. Bb7 Qe8 28. Bxa8 Qxa8 29.
Qb4 d4 30. Qxd4 Qxa5 31. Qd8+ Kg7 32. Qd4+ Kg8 33. c4 Qe1+ 34. Kg2 Qe2 35. Qd8+ Kg7 36. Qd4+ Kg8 37. Qe4 Qb2 38. Nd3 Qa3 39. c5 Qa7 40. c6 Qc7 41. Nb4 Qc8 42. Na6 Qxa6 43. Qe8+ Kg7 44. c7 Qb7+ 45. Kg3 Qxc7+ 46. f4 Qc3+ 47. Kh4 Qe1+ 48. Kg5 Qxe8 49. f5 Qb5 50. Kf4 gxf5 51. gxf5 h6 52. Kg4 Kf6 53. Kf4 Qxf5+ 54. Kg3 Kg5 55. Kg2 Kg4 56. Kh2 Qf2+ 57. Kh1 Qb2 58. Kg1 h5 59. Kh1 Kg3 60. Kg1 Qg2# 0-1

[Event "Betsys MČR v online bleskovém šachu 2021"]
[Site "Chess.com"]
[Date "2021.04.17"]
[Round "13"]
[White "PavelNo"]
[Black "psvoboda72"]
[Result "1-0"]
[WhiteElo "1947"]
[BlackElo "1692"]
[TimeControl "180+1"]
[EndTime "11:12:27 PDT"]
[Termination "Uživatel PavelNo zvítězil na čas"]

1. e4 e5 2. Nf3 Nc6 3. Bb5 a6 4. Ba4 Nf6 5. d4 exd4 6. O-O Be7 7. Re1 O-O 8. e5 Nd5 9. Bb3 Nb6 10. Nxd4 d5 11. Nxc6 bxc6 12. Nc3 Be6 13. Ne2 c5 14. c3 c4 15. Bc2 Nd7 16. Bf4 Bg5 17. Qd2 h6 18. b3 Nc5 19. bxc4 dxc4 20. Qxd8 Raxd8 21. Bxg5 hxg5 22. Red1 Nd3 23. Nd4 Bg4 24. f3 Bh5 25. Rab1 Rfe8 26. Rb7 Rxe5 27. Nc6 Re2 28. Nxd8 Rxc2 29. Rxc7 Rxc3 30. Nc6 Bg6 31. Ne7+ Kh7 32. Nxg6 Kxg6 33. g3 Rc2 34. Rc6+ f6 35. Rxa6 c3 36. Rc6 Rd2 37. Rf1 c2 38. a4 Nb4 39. Rc8 Na2 40.
a5 c1=Q 41. Rcxc1 Nxc1 42. Rxc1 Ra2 43. Rc5 Kf7 44. Rb5 Ke6 45. h4 Kd6 46. hxg5 Ra1+ 47. Kg2 Ra2+ 48. Kh3 Ra1 49. gxf6 gxf6 50. Kg4 Ke7 51.
f4 Ra4 52. Kf5 Ra3 53. g4 Ra4 54. Rb7+ Kd6 55. Rb6+ Ke7 56. a6 Ra5+ 57. Kg6 Kd7 58. Kxf6 Kc7 59. Re6 Kd7 60. f5 Ra4 61. g5 Ra1 62. g6 Rg1 63. g7 Rxg7 64. Kxg7 Kc7 65. f6 1-0

[Event "Betsys MČR v online bleskovém šachu 2021"]
[Site "Chess.com"]
[Date "2021.04.17"]
[Round "13"]
[White "Trener-Pokrocili"]
[Black "tucnak64"]
[Result "1/2-1/2"]
[WhiteElo "2263"]
[BlackElo "2152"]
[TimeControl "180+1"]
[EndTime "11:12:28 PDT"]
[Termination "Remíza – nedostatek materiálu"]

1. Nf3 c5 2. c4 Nc6 3. Nc3 g6 4. e3 Bg7 5. d4 d6 6. dxc5 dxc5 7. Qxd8+ Nxd8 8. Bd2 Nf6 9. O-O-O O-O 10. h3 Nc6 11.
Be2 h6 12. Kb1 Bf5+ 13. Ka1 Rfd8 14. Bc1 Ne4 15. Nxe4 Bxe4 16. Rxd8+ Rxd8 17. Rd1 Rxd1 18. Bxd1 Bd3 19. Bb3 Bf1 20. Ne1 Na5 21. h4 Nxc4 22.
g3 Nd6 23. Bc2 e6 24. Nd3 b6 25. Nf4 Kf8 26. Bd2 Ke7 27. Kb1 g5 28. hxg5 hxg5 29.
Nd3 Ne4 30. Be1 f5 31. Nc1 Nd6 32. Nb3 a5 33. Nd2 g4 34. Nxf1 Nc4 35. Bc3 Bxc3 36. bxc3 Kf6 37. Bd3 Ne5 38. Be2 Ke7 39. a4 Kd6 40.
Nd2 Kd5 41. Kc2 c4 42. Nb1 Kc5 43. Na3 Kd5 44. Nb5 Kc5 45. Nd4 Kd5 46. Kd2 Nd7 47. f3 gxf3 48. Bxf3+ Ke5 49. Nc6+ Kd6 50. Nd4 Nc5 51.
Nb5+ Ke5 52. Nd4 Nxa4 53. Nc6+ Kd6 54. Nd4 Nc5 55. e4 fxe4 56. Be2 Kd5 57. g4 a4 58.
Kc2 Nb3 59. Kb2 Nxd4 60. cxd4 Kxd4 61. g5 Ke5 62. Bxc4 Kf5 63. g6 Kxg6 64. Bxe6 e3 65.
Bc4 Kf5 66. Ka3 Ke4 67. Kxa4 Kf3 68. Kb5 e2 69. Bxe2+ Kxe2 70. Kxb6 1/2-1/2

[Event "Betsys MČR v online bleskovém šachu 2021"]
[Site "Chess.com"]
[Date "2021.04.17"]
[Round "13"]
[White "karimaster100"]
[Black "HonzaVykouk"]
[Result "1/2-1/2"]
[WhiteElo "2351"]
[BlackElo "2677"]
[TimeControl "180+1"]
[EndTime "11:12:33 PDT"]
[Termination "Remíza opakováním pozice"]

1. Nf3 Nf6 2. g3 g6 3. b3 Bg7 4.
Bb2 O-O 5. Bg2 d6 6. d4 c6 7. O-O a5 8. a3 a4 9. b4 d5 10.
Nbd2 b5 11. Ne1 Nbd7 12. Nd3 Nb6 13. Ne5 Qc7 14. e3 Nfd7 15. f4 f6 16. Nd3 Bb7 17.
Nc5 Nxc5 18. dxc5 Nd7 19. e4 e6 20. Qe2 Rae8 21. Rae1 e5 22. f5 gxf5 23. Rxf5 Bc8 24.
Ref1 d4 25. R5f2 Rf7 26. Bc1 Nf8 27. Qh5 Ng6 28. Bh3 Bxh3 29. Qxh3 Qd7 30. Qxd7 Rxd7 31. Rf3 Rc8 32. Rd3 Rcd8 33. Rd1 Kf7 34. Nf3 Ne7 35. Nh4 Kg8 36. Kg2 f5 37. Kf3 fxe4+ 38. Kxe4 Nd5 39. Bd2 Rf8 40. Rf3 Nf6+ 41. Rxf6 Bxf6 42. Nf5 Kf7 43.
g4 Ke6 44. h4 Rg8 45. Rg1 Be7 46. g5 Rf8 47. Ng7+ Kf7 48. Nf5 Ke6 49. Ng7+ Kf7 50. Nf5 Kg6 51. Ng3 d3 52. h5+ Kg7 53. c3 Kg8 54. Nf5 Bd8 55. g6 hxg6 56. hxg6 Re8 57. Rh1 Bf6 58. Rh3 Bg7 59. Rh1 Re6 60. Rg1 Bf6 61. Rg4 Bg7 62. Rg2 Bf6 63. Rg4 Bg7 64. Rg2 Bf6 65. Rg4 1/2-1/2

[Event "Betsys MČR v online bleskovém šachu 2021"]
[Site "Chess.com"]
[Date "2021.04.17"]
[Round "13"]
[White "Tomasn2003"]
[Black "vadoto"]
[Result "1-0"]
[WhiteElo "1162"]
[BlackElo "1336"]
[TimeControl "180+1"]
[EndTime "11:12:33 PDT"]
[Termination "Uživatel Tomasn2003 zvítězil na čas"]

1. b3 e5 2. Bb2 Nc6 3. e3 d5 4. Bb5 Bd6 5. Nf3 e4 6. Bxg7 exf3 7. Qxf3 Be5 8. Bxc6+ bxc6 9. Bxe5 f6 10. Bb2 Be6 11.
O-O Qe7 12. d3 O-O-O 13. h3 Rf8 14. c4 dxc4 15. dxc4 Bd7 16. Nd2 Nh6 17. Ne4 Bf5 18. Ng3 Bd3 19. Rfd1 Qd6 20. Rd2 Rf7 21. Rad1 Rd8 22.
Rxd3 Qxd3 23. Rxd3 Rxd3 24. Qxc6 Rd6 25. Qa8+ Kd7 26.
Qxa7 Rd1+ 27. Kh2 Rd2 28. Qa4+ Kd8 29. Qa8+ Kd7 30. Qa4+ Kd8 31. Bc3 Rxf2 32. Qa8+ Kd7 33. Qd5+ Ke8 34. Qe6+ Kf8 35. Bb4+ Kg8 36. Be1 Rxa2 37.
Qe8+ Kg7 38. Qc6 Ra1 39. Bc3 Rc1 40. Ne4 Rf1 41. Bxf6+ R7xf6 42. Nxf6 Rxf6 43. Qxc7+ Rf7 44. Qg3+ Kf8 45. Qb8+ Kg7 46. Qg3+ Kf8 47. b4 Nf5 48. Qf4 Ne7 49. Qxf7+ Kxf7 50. Kg3 Ke6 51. c5 Kd5 52.
Kf4 Kc4 53. g4 Kxb4 54. h4 Kxc5 55. g5 Kd6 56. h5 Ke6 57. e4 Kf7 58. Ke5 Kg7 59. Ke6 Ng8 60. Kf5 h6 61. g6 Ne7+ 62. Ke6 Ng8 63. e5 1-0

[Event "Betsys MČR v online bleskovém šachu 2021"]
[Site "Chess.com"]
[Date "2021.04.17"]
[Round "13"]
[White "Naty139"]
[Black "elftom"]
[Result "1-0"]
[WhiteElo "2207"]
[BlackElo "1966"]
[TimeControl "180+1"]
[EndTime "11:12:34 PDT"]
[Termination "Uživatel Naty139 zvítězil po vzdání soupeře"]

1. e4 c5 2. Nf3 d6 3. Bb5+ Nd7 4. O-O a6 5. Bxd7+ Bxd7 6. d4 cxd4 7. Qxd4 Nf6 8. c4 g6 9. Nc3 Bg7 10. a4 O-O 11. a5 Rc8 12. Qd3 Qc7 13. Nd2 Bc6 14. f3 e6 15. Rd1 Rfd8 16. b3 Nd7 17. Bb2 b6 18. axb6 Nxb6 19. Rxa6 Bb7 20. Ra7 Nxc4 21. Nxc4 Qc5+ 22. Qe3 Bxc3 23. Qxc5 Rxc5 24. Rxb7 Bxb2 25. Nxb2 d5 26. exd5 exd5 27. Nd3 Rc3 28. Kf2 d4 29. Rd2 Re8 30. b4 Rb3 31. Nc5 Rb1 32. Nd7 Kg7 33. b5 Ree1 34. b6 h5 35. h4 Rb4 36. Rc7 Reb1 37.
Rc6 R1b3 38. Kg3 Rb1 39. Kf4 f5 40. Kg5 Kf7 41. Rxg6 Ke7 42. Rg7+ Ke6 43. Re2+ Kd6 44. Nf6 Rxb6 45. Nxh5 d3 46. Rg6+ Kd5 47. Rd2 Kd4 48.
Rxb6 Rxb6 49. Nf4 Ke3 50. Rxd3+ Kf2 51. h5 Kg3 52. Rd5 Rb4 53. Rxf5 Rb6 54. h6 Rb7 55. Kg6 Rb6+ 56. Rf6 Rb7 57. h7 Rb8 58. Kg7 Kh4 59.
h8=Q+ Rxh8 60. Kxh8 Kg5 61. Nd5 Kh5 62. Rf8 Kg6 63.
Kg8 Kg5 64. g3 Kh5 65. f4 Kg4 66. f5 Kg5 67. f6 Kg6 68. f7 Kg5 69. Re8 Kg4 70.
f8=Q Kh3 71. Re7 1-0

[Event "Betsys MČR v online bleskovém šachu 2021"]
[Site "Chess.com"]
[Date "2021.04.17"]
[Round "13"]
[White "Vitana"]
[Black "sachovybukowski"]
[Result "1/2-1/2"]
[WhiteElo "1750"]
[BlackElo "1949"]
[TimeControl "180+1"]
[EndTime "11:12:34 PDT"]
[Termination "Remíza – nedostatek materiálu"]

1. e4 c5 2. c3 Nf6 3. e5 Nd5 4. d4 d6 5. f4 Nc6 6. Nf3 e6 7.
Bc4 Nb6 8. Bb3 Be7 9. O-O g6 10.
Be3 O-O 11. dxc5 dxc5 12. Qxd8 Rxd8 13. Nbd2 Bd7 14. Ne4 c4 15. Bc2 Nd5 16. Rae1 Nxe3 17. Rxe3 Be8 18. Re2 b6 19. Ba4 Na5 20. Bxe8 Rxe8 21.
Rd1 Red8 22. Red2 Rxd2 23. Rxd2 Rd8 24. Nd4 Kf8 25. Kf2 Ke8 26. Ke2 Bc5 27. Nb5 Rxd2+ 28. Nxd2 a6 29. Nc7+ Kd7 30. Nxa6 Bg1 31. h3 b5 32. Ne4 Kc6 33. Nb4+ Kd7 34. Nf6+ Ke7 35. Nxh7 Bc5 36. Nf6 Bxb4 37. cxb4 Nc6 38. a3 Nd4+ 39. Ke3 Nc2+ 40. Kd2 Nd4 41. Ne4 Nb3+ 42. Ke3 Nc1 43. Nd6 Nd3 44. Nxb5 Nxb2 45. Kd2 Na4 46. Nc3 Nb6 47.
a4 Nd5 48. g3 Nxb4 49. Ne4 Nd5 50. a5 Kd7 51. Nd6 f6 52. Nxc4 f5 53. Ne3 Nb4 54. Ke2 Kc6 55. g4 Kb5 56. gxf5 exf5 57. Kf3 Kxa5 58.
e6 Nc6 59. Nd5 Nd4+ 60. Kg3 Nxe6 61. Ne7 g5 62. Nxf5 Nxf4 63. Ne7 Kb5 64. Nf5 Kc5 65. Nh6 Kd5 66. Nf7 Ne6 67. Kg4 Nf4 68. Kxg5 Nxh3+ 1/2-1/2

[Event "Betsys MČR v online bleskovém šachu 2021"]
[Site "Chess.com"]
[Date "2021.04.17"]
[Round "13"]
[White "Staci_fiknout_Navara_Plat"]
[Black "OlifantCZ"]
[Result "1/2-1/2"]
[WhiteElo "1907"]
[BlackElo "2246"]
[TimeControl "180+1"]
[EndTime "11:12:43 PDT"]
[Termination "Remíza opakováním pozice"]

1. c4 Nf6 2. Nc3 g6 3. g3 Bg7 4. Bg2 O-O 5. d4 d6 6. Bg5 h6 7.
Bxf6 Bxf6 8. e3 c6 9. Nge2 Nd7 10.
O-O e5 11. Rc1 Re8 12. Qd2 Kh7 13. b3 Qe7 14. dxe5 dxe5 15. Rfd1 Nc5 16. Qd6 Be6 17. Qxe7 Bxe7 18. Rc2 Red8 19. Rcd2 f5 20. h4 Kg7 21. Kf1 Rxd2 22. Rxd2 Rd8 23. Rxd8 Bxd8 24. Nc1 e4 25. N3e2 Bf6 26. Nd4 Bf7 27. Ke2 a6 28. Kd2 Ne6 29.
Nxe6+ Bxe6 30. Bf1 c5 31. Ne2 Kf7 32. Nc3 Ke7 33.
Be2 Kd6 34. Na4 Bd7 35. Nc3 Bc6 36. Kc2 g5 37. hxg5 hxg5 38. Bf1 Ke5 39. Kd2 f4 40.
gxf4+ gxf4 41. Bh3 Bh4 42. Nd1 b5 43. Bc8 a5 44. Ba6 b4 45. Bc8 a4 46. Bh3 a3 47.
Bc8 Be8 48. Bg4 Bg6 49. Ke2 Bf7 50. Bd7 Bh5+ 51. Kd2 Bf3 52. Bh3 Bxd1 53. Kxd1 Bxf2 54. exf4+ Kxf4 55. Ke2 Bh4 56. Bg2 Ke5 57. Kd2 Kd4 58. Bh3 Bg5+ 59. Kc2 Ke3 60. Bg4 Kf2 61. Kd1 Kg3 62.
Bh5 Kf4 63. Ke2 Bh4 64. Be8 Bf6 65. Bh5 Bc3 66. Be8 Ke5 67. Bh5 Kd4 68. Bg6 Bb2 69.
Kd2 Bc3+ 70. Ke2 Ba1 71. Kd2 Bc3+ 72. Ke2 1/2-1/2

[Event "Betsys MČR v online bleskovém šachu 2021"]
[Site "Chess.com"]
[Date "2021.04.17"]
[Round "13"]
[White "Petroniuss"]
[Black "iDarkTraveler"]
[Result "1-0"]
[WhiteElo "2203"]
[BlackElo "1943"]
[TimeControl "180+1"]
[EndTime "11:12:51 PDT"]
[Termination "Uživatel Petroniuss zvítězil po vzdání soupeře"]

1. e4 e5 2. Nf3 Nc6 3. d4 exd4 4. c3 dxc3 5. Nxc3 d6 6. Bc4 Be7 7. Qb3 Na5 8. Bxf7+ Kf8 9. Qa4 Kxf7 10. Qxa5 h6 11.
Qa4 Bd7 12. Qb3+ Kf8 13. Qxb7 Nf6 14. O-O g6 15. e5 dxe5 16. Nxe5 Kg7 17. Rd1 Bd6 18.
Bf4 Rb8 19. Qxa7 Rxb2 20. Nxd7 Bxf4 21. Nxf6 Qxf6 22. Nd5 Qe5 23. Nxf4 Qxf4 24. Qd4+ Qxd4 25.
Rxd4 Rf8 26. f3 Ra8 27. a4 Kf6 28. Rc1 Ra2 29. Rxc7 R8xa4 30. Rxa4 Rxa4 31. Rc2 Ra3 32. Kf2 h5 33. Rc6+ Kg5 34. Rc2 Ra1 35. g3 Rh1 36.
h4+ Kf6 37. Ke3 Rg1 38. Kf4 Rd1 39. Rc6+ Kg7 40. Rc7+ Kf6 41. Rc6+ Kg7 42. Rc4 Ra1 43. Rc5 Ra4+ 44. Kg5 Ra3 45. Rc7+ Kf8 46. Kxg6 Rxf3 47. Kxh5 Rxg3 48. Kh6 Rg1 49. h5 Rg3 50. Rc5 Kf7 51. Rf5+ Ke6 52. Rf2 Rg4 53. Kh7 Rg3 54. h6 Rg4 55. Kh8 Rg5 56. Re2+ Kf7 57. Ra2 Rg8+ 58. Kh7 Rg3 59. Ra7+ Kf6 60. Ra6+ Kf7 61. Ra7+ Kf6 62. Kh8 Rg5 63. h7 Rg4 64. Ra8 Kf7 65. Ra2 Kf6 66.
Rf2+ Ke7 67. Rf5 Ke6 68. Rf8 Ke7 69. Rg8 Rh4 70. Rg7+ Kf6 71. Kg8 Re4 72. h8=Q Re8+ 73. Kh7 Rxh8+ 74. Kxh8 1-0

[Event "Betsys MČR v online bleskovém šachu 2021"]
[Site "Chess.com"]
[Date "2021.04.17"]
[Round "13"]
[White "petr812"]
[Black "sachmaty8"]
[Result "0-1"]
[WhiteElo "2096"]
[BlackElo "1892"]
[TimeControl "180+1"]
[EndTime "11:12:51 PDT"]
[Termination "Uživatel sachmaty8 zvítězil po vzdání soupeře"]

1. e4 e6 2. Nf3 d5 3. e5 c5 4. b4 c4 5. d4 Bxb4+ 6. c3 Be7 7. Be2 Nc6 8. O-O f6 9. Bf4 Bd7 10. Nbd2 Nh6 11. exf6 Bxf6 12. Ne5 Nf7 13. Nxf7 Kxf7 14.
Nf3 g6 15. Ne5+ Nxe5 16. dxe5 Bg5 17. Qd2 Bxf4 18. Qxf4+ Kg7 19. Qd4 Rf8 20. Rad1 Qg5 21. g3 h5 22. f4 Qf5 23. Bxc4 dxc4 24. Qxd7+ Rf7 25. Qd4 Rh8 26. Qxc4 h4 27. Qd3 Qg4 28.
Qf3 Qf5 29. g4 Qc2 30. Rf2 Qa4 31. h3 Rc8 32. Rd4 Qa6 33. Kg2 Qb6 34. Rfd2 Qa5 35. R4d3 Rcc7 36. Qe3 Qa4 37. Rd4 Qc6+ 38. Kh2 Qxc3 39.
Qxc3 Rxc3 40. Rd6 Rxf4 41. Rxe6 Rff3 42. Rd7+ Kh6 43. Rdd6 Rxh3+ 44. Kg2 Rcg3+ 45. Kf2 Rh2+ 46. Kf1 Rxg4 47. Rf6 Rxa2 48. e6 Ra1+ 49. Ke2 Ra2+ 50. Kd3 Rg3+ 51. Kc4 Re2 52. Rd7 Rge3 53. Rxb7 Rxe6 54.
Rff7 Kg5 55. Rxa7 R2e5 56. Rh7 Rf5 57. Kd3 Kg4 58. Ra4+ Rf4 59. Rxh4+ Kxh4 60. Rxf4+ Kg5 61. Rf1 Rd6+ 62. Ke2 Re6+ 63. Kf2 Rf6+ 64. Kg2 Rxf1 65. Kxf1 Kg4 66. Kg2 g5 67. Kh1 Kf3 68. Kg1 g4 69.
Kh1 Kf2 70. Kh2 g3+ 0-1

[Event "Betsys MČR v online bleskovém šachu 2021"]
[Site "Chess.com"]
[Date "2021.04.17"]
[Round "13"]
[White "jonvon640"]
[Black "svTomas"]
[Result "1-0"]
[WhiteElo "1671"]
[BlackElo "1438"]
[TimeControl "180+1"]
[EndTime "11:12:55 PDT"]
[Termination "Uživatel jonvon640 zvítězil matem"]

1. e4 e5 2. Nf3 Nf6 3. Nc3 Bc5 4. Bc4 d5 5. Bxd5 c6 6. Bb3 Bg4 7. d3 h6 8. O-O Qc7 9. h3 Bxf3 10. Qxf3 Nbd7 11.
Be3 O-O-O 12. Bxc5 Nxc5 13. Qe3 Ne6 14. Bxe6+ fxe6 15. Qxa7 Rdf8 16. b4 Kd7 17. b5 Ra8 18. Qe3 c5 19. a4 b6 20. Ra2 g5 21. Rfa1 g4 22. h4 Nh5 23. g3 Rhf8 24. a5 Rf3 25.
Qxh6 Nxg3 26. Qg7+ Kd6 27. Qxc7+ Kxc7 28. axb6+ Kxb6 29. Rxa8 Nh5 30. Rb8+ Kc7 31. Rh8 Nf4 32. Ra6 g3 33.
Rh7+ Kb8 34. Rb6+ Kc8 35. fxg3 Rxg3+ 36. Kh1 Rg2 37. Ra6 Kb8 38. b6 Rxc2 39. Raa7 Rc1+ 40. Kh2 Rc2+ 41. Kg3 Rg2+ 42. Kf3 Rg8 43. Rhb7+ Kc8 44. Ra8+ Kxb7 45. Rxg8 Kxb6 46. Rf8 Nxd3 47. h5 Nf4 48. h6 Ng6 49. Rf6 Nh8 50. Rxe6+ Ka5 51. h7 Kb4 52. Nd5+ Kc4 53. Re8 Ng6 54. h8=Q Nxh8 55. Rxh8 Kd4 56. Rc8 c4 57. Rc7 Kd3 58. Re7 Kd4 59. Rc7 Kd3 60.
Nb4+ Kd4 61. Nc2+ Kd3 62. Kg4 Kxc2 63. Rxc4+ Kd3 64. Ra4 Ke3 65. Kf5 Kd3 66. Kxe5 Kc3 67. Rd4 Kb3 68. Kd5 Kc3 69. Kc5 Kb3 70. Rd3+ Kc2 71.
Kc4 Kb2 72. Rd2+ Kc1 73. Kc3 Kb1 74. Re2 Kc1 75. Re1# 1-0